Map: Abiogenesis LE

Players

Ascarecroww - Winner!

  • Race: Zerg Zerg
  • League: Master
  • Spawn Location: 5:00

Fullmetal

  • Race: Terran Terran
  • League: Master
  • Spawn Location: 11:00

VOD

Have the link to the VOD?

Description

Time

  • Played on: Feb. 8, 2018, 7 a.m.
  • Length: 10:07
Show
View Real Time Build Order
Export as new Build Order

Ascarecroww Zerg - Winner!

Build Orders: Hatch First 

Get SALT Encoding   

  12  0:01  Drone  
  13  0:13  Overlord  
  13  0:18  Drone  
  14  0:32  Drone x2  
  16  0:36  Drone  
  17  0:54  Hatchery  
  17  0:55  Drone  
  17  0:59  Drone  
  17  1:03  Extractor  
  17  1:16  Spawning Pool  
  17  1:18  Drone  
  17  1:21  Drone  
  18  1:29  Drone  
  19  1:41  Overlord  
  19  2:04  Zergling x4  
  19  2:05  Queen  
  19  2:06  Queen  
  19  2:08  Drone  
  26  2:13  Drone  
  27  2:20  Drone  
  28  2:27  Drone  
  29  2:34  Drone x2  
  31  2:43  Drone  
  32  2:47  Queen  
  34  2:56  Drone x2  
  36  2:58  Roach Warren  
  36  3:00  Overlord  
  35  3:10  Overlord x2  
  35  3:23  Overlord  
  35  3:30  Overlord  
  35  3:31  Drone  
  35  3:32  Drone  
  37  3:35  Drone  
  37  3:40  Roach  
  46  3:41  Roach x3  
  46  3:51  Roach  
  48  3:59  Roach x2  
  48  4:00  Roach x5  
  62  4:04  Lair  
  62  4:11  Drone x2  
  64  4:27  Evolution Chamber  
  64  4:28  Evolution Chamber  
  64  4:30  Drone x4  
  66  4:35  Drone  
  66  4:36  Drone x5  
  72  4:48  Overlord  
  72  4:51  Overlord  
  72  4:55  Hatchery  
  72  4:56  Extractor  
  72  4:57  Extractor  
  69  5:10  Drone x9  
  69  5:11  Drone  
  79  5:34  Drone  
  79  5:35  Drone x3  
  83  5:38  Glial Reconstitution  
  83  5:40  Zerg Missile Weapons Level 1  
  59  6:01  Drone x4  
  59  6:03  Zerg Ground Armor Level 1  
  63  6:05  Queen x2  
  67  6:12  Spore Crawler  
  67  6:14  Roach x4  
  67  6:15  Queen  
  76  6:18  Drone  
  76  6:19  Drone x5  
  76  6:21  Spore Crawler  
  76  6:23  Overlord  
  81  6:27  Extractor  
  81  6:31  Roach  
  82  6:38  Extractor  
  81  6:40  Extractor  
  81  6:42  Roach x4  
  81  6:43  Roach  
  81  6:46  Overlord  
  90  6:47  Overlord x3  
  90  6:48  Spore Crawler  
  88  7:08  Drone  
  88  7:09  Drone x6  
  93  7:25  Drone  
  93  7:26  Drone x7  
  101  7:32  Roach x3  
  107  7:46  Roach  
  107  7:47  Roach x3  
  107  7:48  Overlord  
  107  7:49  Overlord x2  
  107  7:50  Overlord  
  115  7:53  Ravager x7  
  119  8:06  Roach  
  119  8:07  Roach x4  
  129  8:19  Roach  
  137  8:20  Roach x6  
  143  8:28  Hatchery  
  143  8:30  Roach x2  
  146  8:36  Ravager  
  146  8:37  Ravager x4  
  146  8:39  Roach  
  153  8:49  Overlord x4  
  153  9:02  Roach x3  
  151  9:11  Roach  
  151  9:12  Roach x9  
  169  9:24  Roach x3  
  162  9:32  Roach x2  
  157  9:43  Overlord x3  
Show
View Real Time Build Order
Export as new Build Order

Fullmetal Terran 

Build Orders: Reaper Expand 

Get SALT Encoding   

  12  0:00  SCV  
  13  0:13  SCV  
  14  0:17  Supply Depot  
  14  0:25  SCV  
  15  0:39  SCV  
  15  0:40  Barracks  
  16  0:45  Refinery  
  16  0:51  SCV  
  17  1:03  SCV  
  18  1:16  SCV  
  19  1:28  Orbital Command, Reaper  
  20  1:42  Command Center  
  20  1:54  Supply Depot, SCV  
  20  1:59  Marine  
  22  2:06  SCV  
  23  2:11  Factory  
  23  2:20  SCV  
  24  2:27  Barracks Reactor  
  24  2:28  Refinery  
  24  2:35  SCV  
  25  2:50  SCV  
  26  2:54  Orbital Command  
  26  2:57  Starport  
  26  3:02  SCV  
  27  3:13  Hellion x2, Barracks Tech Lab  
  27  3:16  SCV  
  32  3:23  SCV  
  33  3:28  SCV  
  34  3:36  Marine, Command Center  
  34  3:38  SCV  
  34  3:40  SCV  
  37  3:42  Hellion  
  37  3:44  Hellion  
  41  3:51  Viking  
  41  3:52  SCV  
  44  3:58  SCV  
  44  4:00  Marine  
  46  4:16  Supply Depot  
  46  4:20  Liberator  
  46  4:21  Barracks  
  46  4:23  Factory Reactor  
  46  4:29  SCV x2  
  46  4:30  Barracks  
  46  4:35  Factory Tech Lab  
  46  4:38  Marauder  
  51  4:39  Bunker  
  51  4:40  Supply Depot  
  51  4:41  SCV  
  51  4:43  SCV  
  53  4:48  Supply Depot  
  53  4:51  Supply Depot  
  53  4:55  SCV  
  53  4:59  Siege Tank  
  57  5:02  Marauder  
  58  5:12  Bunker  
  58  5:21  Supply Depot  
  58  5:23  Marine  
  45  5:38  SCV x2  
  45  5:42  Marine x3  
  45  5:50  Orbital Command, SCV  
  45  5:51  SCV  
  45  5:55  Barracks Reactor  
  45  5:56  Starport Reactor  
  46  6:03  SCV x2  
  48  6:06  Marine  
  48  6:07  Marine, Barracks Tech Lab  
  50  6:15  SCV x2  
  50  6:18  SCV  
  53  6:20  Refinery  
  53  6:27  SCV  
  53  6:29  Stimpack  
  53  6:30  Siege Tank  
  53  6:31  Marine, Marauder  
  60  6:33  SCV  
  60  6:35  Orbital Command  
  61  6:43  SCV  
  61  6:45  SCV  
  63  6:49  Supply Depot  
  63  6:50  Marine, Refinery  
  63  6:51  Supply Depot  
  64  6:54  Medivac  
  64  6:55  SCV  
  64  6:57  SCV, Medivac  
  70  7:01  Marine x2  
  70  7:07  SCV x2  
  74  7:08  Marine  
  74  7:09  SCV  
  74  7:11  Marine x2  
  74  7:15  Siege Tank  
  81  7:19  Marine x2, SCV  
  81  7:22  SCV x2  
  83  7:31  SCV  
  83  7:33  Bunker  
  83  7:34  SCV x2  
  83  7:37  Supply Depot x2  
  86  7:40  Engineering Bay  
  86  7:43  SCV  
  87  7:44  Engineering Bay  
  87  7:46  SCV  
  87  7:48  Medivac  
  87  7:49  Medivac  
  92  7:52  Marine x2  
  92  7:57  Armory  
  93  8:07  Marine x2  
  93  8:11  Siege Tank  
  92  8:13  Marine x2  
  92  8:16  SCV x3  
  97  8:22  Barracks  
  97  8:27  Barracks  
  97  8:29  SCV x3  
  97  8:30  Marine x3  
  97  8:31  Marine  
  104  8:36  Refinery  
  104  8:39  Supply Depot  
  104  8:40  Supply Depot  
  104  8:41  Marine, SCV x2  
  105  8:47  Marine  
  108  8:49  Marine x2  
  108  8:52  Siege Tank  
  108  8:53  SCV x2  
  115  9:00  Marine x2  
  107  9:06  Marine x2  
  99  9:12  Supply Depot  
  99  9:16  Marine x2  
  93  9:19  Marine  
  93  9:20  Marine  
  87  9:37  Marine  
  85  9:42  Marine x2  
  85  9:43  Marine  
Tags
 
Add a new tag
Caveats
  • Supply blocks, unpowered buildings, or Contaminate may cause inaccurate times.
  • Supply counts are checked every 10 seconds.